 Dungeon Crawl Stone Soup version 0.26-a0-478-g6c97825307 (webtiles) character file.

Game seed: 7302481102584770854

21 KristoblXynda the Slasher (level 2, -3/25 HPs)
             Began as a Draconian Gladiator on Aug 1, 2020.
             Killed from afar by an orc wizard (8 damage)
             ... with a magic dart
             ... on level 2 of the Dungeon.
             The game lasted 00:00:38 (989 turns).

KristoblXynda the Slasher (Draconian Gladiator)      Turns: 989, Time: 00:00:38

Health: -3/25      AC:  4    Str: 16    XL:     2   Next: 65%
Magic:  2/2        EV: 13    Int:  8    God:
Gold:   41         SH:  0    Dex: 12    Spells: 1/1 levels left

rFire    . . .     SeeInvis .   a - +0 long sword
rCold    . . .     Faith    .   (no shield)
rNeg     . . .     Spirit   .   (armour unavailable)
rPois    .         Reflect  .   b - +0 hat
rElec    .         Harm     .   (no cloak)
rCorr    .                      (no gloves)
MR       .....                  (no boots)
Stlth    +.........             (no amulet)
HPRegen  0.08/turn              (no ring)
MPRegen  0.08/turn              (no ring)

@: no status effects
A: unfitting armour, cold-blooded, AC +4
a: no special abilities


You were on level 2 of the Dungeon.
You visited 1 branch of the dungeon, and saw 2 of its levels.

You collected 41 gold pieces.

Inventory:

Hand Weapons
 a - a +0 long sword (weapon)
Missiles
 c - 3 throwing nets (quivered)
Armour
 b - a +0 hat (worn)
Jewellery
 j - a cursed amulet of inaccuracy {unknown}
Scrolls
 d - a scroll of fear {unknown}
 h - a scroll of remove curse {unknown}
 i - a scroll of teleportation {unknown}
Potions
 e - 2 potions of curing {unknown}
 f - 3 potions of brilliance {unknown}
 g - a potion of mutation {unknown}
 k - a potion of invisibility {unknown}


   Skills:
 + Level 2.6 Fighting
 + Level 3.3 Long Blades
 - Level 2.0 Throwing
 + Level 3.0 Dodging


You had one spell level left.
You didn't know any spells.
Your spell library was empty.

Dungeon Overview and Level Annotations

Branches:
Dungeon (1/15)

Altars:


Innate Abilities, Weirdness & Mutations

Your plain brown scales are hard. (AC +4)
You cannot fit into any form of body armour.
You are cold-blooded and may be slowed by cold attacks.


Message History

You kill the orc!
The orc wizard gestures at you while chanting.
The magic dart hits you.
The orc wizard gestures at you while chanting.
The puff of flame hits you!
Things that are here:
a +0 dagger; a +0 ring mail You hit the orc wizard.
The orc wizard is heavily wounded.
The orc wizard hits you with a +0 dagger.
* * * LOW HITPOINT WARNING * * *
You hit the orc wizard.
Your tail-slap misses the orc wizard.
The orc wizard is severely wounded.
The orc wizard hits you with a +0 dagger.
* * * LOW HITPOINT WARNING * * *
You closely miss the orc wizard.
The orc wizard is severely wounded.
The orc wizard casts a spell at you. The magic dart hits you!
You die...

#.####### ##...#........#
####.#.....###.......##.####
#......###..###...#.....#
#.##...# #...).......####
#.##.#.###..####.#####
#.##.#......# #.#
#.##........# #.#
#........#### #.# ##########
#@# #o# #o####### #oo...).#
#.#####.# #.#
#..........o.oo
..........##... ######......


You could see an orc wizard and 3 orcs.

Vanquished Creatures
  2 worms (D:2)
  A leopard gecko (D:2)
  An orc (D:2)
  3 bats
  3 goblins (D:2)
  2 hobgoblins
  A kobold (D:1)
13 creatures vanquished.

Notes
Turn   | Place    | Note
-------+----------+-------------------------------------------
     0 | D:1      | KristoblXynda the Draconian Gladiator began the quest for
                  | the Orb.
     0 | D:1      | Reached XP level 1. HP: 17/17 MP: 1/1
   192 | D:1      | You fall into a shaft and drop 1 floor!
   207 | D:2      | Reached XP level 2. HP: 25/25 MP: 2/2
   989 | D:2      | Killed from afar by an orc wizard

Illustrated notes

Levels and vault maps discovered:
D:1:      lightli_arrival_noodles, layout_basic, kennysheep_doodads,
          minmay_tetromino_o2
D:2:      layout_loops_corners

Skill      XL: |  1  2 |
---------------+-------+-----
Throwing       | 2 |  2.0
Dodging        | 3 |  3.0
Fighting       | |  2.6
Long Blades    | |  3.3

Action                   || total
-------------------------++-------
Melee: Long sword        ||    43
       Tailslap          ||     4
 Stab: Sleeping          ||     1
Armor: Skin              ||     5
Dodge: Dodged            ||    24
       Rpst.: Long sword ||     7

Table legend: (Time is in decaauts)
 A = Elapsed time spent in this place.
 B = Non-inter-level travel time spent in this place.
 C = Inter-level travel time spent in this place.
 D = Time resting spent in this place.
 E = Time spent auto-exploring this place.
 F = Levels seen in this place.
 G = Mean time per level.
                   A        B        C        D        E       F      G
               +--------+--------+--------+--------+--------+-----+--------+
         Total |    999 |    999 |      0 |    395 |    457 |   2 |  499.5 |
       Dungeon |    999 |    999 |      0 |    395 |    457 |   2 |  499.5 |
               +--------+--------+--------+--------+--------+-----+--------+

Top non-repeatable levels by time:
     D:2: 805 daAuts
     D:1: 193 daAuts
